 Dungeon Sprint DCSS version 0.29-a0-1008-g949cc1d0fb (webtiles) character file.

Game seed: 1427674688446109808

694 wilfster70 the Basher (level 7, -4/50 HPs)
             Began as a Gargoyle Fighter on Aug 7, 2022.
             Was a Believer of Okawaru.
             Slain by a vampire mosquito (7 damage)
             ... in the Dungeon (Sprint IX: "|||||||||||||||||||||||||||||").
             The game lasted 00:01:52 (414 turns).

wilfster70 the Basher (Gargoyle Fighter)             Turns: 414, Time: 00:01:53

Health: -4/50      AC: 18    Str: 22    XL:     7   Next: 64%
Magic:  5/11       EV:  9    Int:  8    God:    Okawaru [**....]
Gold:   0          SH:  4    Dex: 12    Spells: 6/6 levels left

rFire   . . .      SeeInvis .   a - +0 flail
rCold   . . .      Faith    .   c - +0 buckler
rNeg    + . .      Spirit   .   b - +0 scale mail
rPois   ∞          Reflect  .   n - +0 helmet
rElec   +          Harm     .   m - +0 cloak
rCorr   .          Rampage  .   (no gloves)
Will    .....      NoTele   +   (no boots)
Stlth   ..........              (no amulet)
HPRegen 0.16/turn               o - +3 ring of dexterity
MPRegen 0.12/turn               p - +2 ring of protection

@: no status effects
A: sickness immunity, AC +4, negative energy resistance 1, electricity
resistance, torment resistance 1, petrification resistance
a: Renounce Religion, Heroism


You were in the Dungeon.
You worshipped Okawaru.
Okawaru was pleased with you.
You visited 1 branch

Inventory:

Hand Weapons
 a - a +0 flail (weapon)
Armour
 b - a +0 scale mail (worn)
 c - a +0 buckler (worn)
 m - a +0 cloak (worn)
 n - a +0 helmet (worn)
Jewellery
 o - a +3 ring of dexterity (left hand)
 p - a +2 ring of protection (right hand)
Wands
 l - a wand of acid (10)
Scrolls
 j - 2 scrolls of blinking
 k - 2 scrolls of amnesia
Potions
 d - a potion of might
 e - 4 potions of curing
 f - a potion of heal wounds
 g - a potion of haste
 h - 4 potions of magic
 i - a potion of invisibility


   Skills:
 + Level 8.9 Fighting
 * Level 10.8 Maces & Flails
 + Level 8.9 Armour
 - Level 3.2 Shields
 + Level 6.5 Invocations


You had 6 spell levels left.
You didn't know any spells.
Your spell library was empty.

Dungeon Overview and Level Annotations

Branches:
Dungeon (1/1)

Altars:
Cheibriados
Dithmenos
Elyvilon
Fedhas
Gozag
Hepliaklqana
Kikubaaqudgha
Makhleb
Nemelex Xobeh
Okawaru
Qazlal
Ru
Sif Muna
Trog
Uskayaw
Vehumet
Wu Jian
Xom
Yredelemnul
Zin
The Shining One
Jiyva
Lugonu


Innate Abilities, Weirdness & Mutations

You are immune to sickness and miasma.
Your stone body is resilient. (AC +4)
You are immune to poison.
You resist negative energy. (rN+)
You are resistant to electric shocks. (rElec)
You are resistant to unholy torment.
You are immune to petrification.


Message History

The troll is moderately wounded.
You hit the troll but do no damage.
The troll is moderately wounded.
You block the troll's attack.
The troll claws you but does no damage. x2
You sock the troll!
The troll is severely wounded.
You block the troll's attack. The troll barely misses you.
You block the troll's attack.
You barely miss the troll.
The troll is severely wounded.
The troll bites you but does no damage. The troll barely misses you.
You block the troll's attack.
You sock the troll!
The troll is almost dead.
You hit the troll but do no damage.
The troll is almost dead.
The troll bites you but does no damage. The troll claws you.
* * * LOW HITPOINT WARNING * * *
The troll barely misses you.
You hit the troll but do no damage.
The troll is almost dead.
You feel like a meek peon again. The troll bites you but does no damage.
The troll claws you but does no damage. x2
You barely miss the troll.
The troll is almost dead.
You block the troll's attack. x2; The troll claws you but does no damage.
You hit the troll.
The troll is almost dead.
The troll closely misses you. The troll barely misses you. The troll claws you.
* * * LOW HITPOINT WARNING * * *
You hit the troll.
You kill the troll!
Okawaru is honoured by your kill.
Your Invocations skill increases to level 6!
You hit the vampire mosquito.
The vampire mosquito is lightly damaged.
The vampire mosquito bites you.
* * * LOW HITPOINT WARNING * * *
The vampire mosquito bites you!
You die... ▓▓▓▓▓▓▓▓▓▓▓▓▓▓▓▓▓▓▓▓▓▓▓▓ _______'..)...[.@yc..... ▓▓▓▓▓▓▓▓▓▓▓▓▓▓▓▓▓▓▓▓▓▓▓▓

You could see a vampire mosquito and a centaur.

Vanquished Creatures
  A troll (D)
  A yak (D)
  A wraith (D)
  A steam dragon (D)
  A hound (D)
  2 iguanas (D)
  An adder (D)
  An endoplasm (D)
  A goblin (D)
  2 kobolds (D)
  A quokka (D)
  A frilled lizard (D)
14 creatures vanquished.

Notes
Turn   | Place    | Note
-------+----------+-------------------------------------------
     0 | D        | wilfster70 the Gargoyle Fighter began the quest for the
                  | Orb.
     0 | D        | Reached XP level 1. HP: 14/14 MP: 1/1
    18 | D        | Reached skill level 3 in Maces & Flails
   149 | D        | Noticed an iguana
   149 | D        | Noticed an iguana
   149 | D        | Noticed a hound
   152 | D        | Killed an iguana
   153 | D        | Reached skill level 4 in Maces & Flails
   153 | D        | Reached XP level 2. HP: 19/20 MP: 2/2
   153 | D        | Reached XP level 3. HP: 23/24 MP: 3/3
   157 | D        | Reached skill level 5 in Fighting
   157 | D        | Reached skill level 5 in Maces & Flails
   157 | D        | Reached skill level 5 in Armour
   160 | D        | Reached skill level 6 in Maces & Flails
   160 | D        | Reached XP level 4. HP: 24/32 MP: 4/4
   310 | D        | Found a snail-covered altar of Cheibriados.
   310 | D        | Found a shadowy altar of Dithmenos.
   310 | D        | Found a white marble altar of Elyvilon.
   310 | D        | Found a blossoming altar of Fedhas.
   310 | D        | Found an opulent altar of Gozag.
   311 | D        | Found a hazy altar of Hepliaklqana.
   312 | D        | Found a viscous altar of Jiyva.
   313 | D        | Found an ancient bone altar of Kikubaaqudgha.
   314 | D        | Found a corrupted altar of Lugonu.
   315 | D        | Found a burning altar of Makhleb.
   316 | D        | Found a sparkling altar of Nemelex Xobeh.
   317 | D        | Found an iron altar of Okawaru.
   318 | D        | Found a stormy altar of Qazlal.
   319 | D        | Found a sacrificial altar of Ru.
   320 | D        | Found a shimmering blue altar of Sif Muna.
   321 | D        | Found a bloodstained altar of Trog.
   322 | D        | Found a hide-covered altar of Uskayaw.
   323 | D        | Found a radiant altar of Vehumet.
   324 | D        | Found an ornate altar of the Wu Jian Council.
   325 | D        | Became a worshipper of Warmaster Okawaru
   326 | D        | Found a shimmering altar of Xom.
   327 | D        | Found a basalt altar of Yredelemnul.
   328 | D        | Found a glowing silver altar of Zin.
   329 | D        | Found a glowing golden altar of the Shining One.
   369 | D        | Noticed a wraith
   369 | D        | Noticed a steam dragon
   369 | D        | Noticed a yak
   369 | D        | Noticed a troll
   369 | D        | Noticed a vampire mosquito
   369 | D        | Noticed a centaur
   380 | D        | Killed a wraith
   381 | D        | Reached skill level 8 in Maces & Flails
   381 | D        | Reached XP level 5. HP: 11/38 MP: 4/7
   381 | D        | Reached XP level 6. HP: 12/44 MP: 4/8
   392 | D        | Killed a steam dragon
   392 | D        | Reached * piety under Okawaru
   393 | D        | Reached skill level 9 in Maces & Flails
   396 | D        | Killed a yak
   397 | D        | Reached skill level 10 in Maces & Flails
   397 | D        | Reached skill level 5 in Invocations
   397 | D        | Reached XP level 7. HP: 15/49 MP: 3/11
   413 | D        | Killed a troll
   413 | D        | Reached ** piety under Okawaru
   414 | D        | Slain by a vampire mosquito

Illustrated notes

Levels and vault maps discovered:
D:        linesprint [early_d, line_temple, items_1, d_10, items_2, lair_1,
          lair_end, items_3, orc_1, orc_end, items_4, d_15, swamp_1, shoals_1,
          snake_1, spider_1, d_20, vaults_1, items_5, swamp_end, shoals_end,
          snake_end, spider_end, vaults_end, d_27, items_6, zot_1, zot_end,
          crypt_end, forest_end, elf_end, slime_end, tomb_end, abyss_end,
          pan_hell_end]

Skill      XL: |  1  2  3  4  5  6  7 |
---------------+----------------------+-----
Maces & Flails | 4 6 8 10 | 10.8
Fighting       | 4 5 7 8 |  8.9
Armour         | 4 5 7 8 |  8.9
Invocations    | 3 5 6 |  6.5
Shields        | |  3.2

Action                   |  1- 3 |  4- 6 |  7- 9 || total
-------------------------+-------+-------+-------++-------
Melee: Flail             |    26 |    29 |    17 ||    72
Invok: Heroism           |       |     1 |       ||     1
  Use: Potion            |     1 |     2 |     1 ||     4
Armor: Scale mail        |     6 |    12 |    15 ||    33
Dodge: Dodged            |     5 |     9 |    10 ||    24
Block: Buckler           |     6 |     4 |     6 ||    16

Table legend: (Time is in decaauts)
 A = Elapsed time spent in this place.
 B = Non-inter-level travel time spent in this place.
 C = Inter-level travel time spent in this place.
 D = Time resting spent in this place.
 E = Time spent auto-exploring this place.
 F = Levels seen in this place.
 G = Mean time per level.
                   A        B        C        D        E       F      G
               +--------+--------+--------+--------+--------+-----+--------+
         Total |    424 |    424 |      0 |    272 |      0 |   1 |  424.0 |
       Dungeon |    424 |    424 |      0 |    272 |      0 |   1 |  424.0 |
               +--------+--------+--------+--------+--------+-----+--------+

Top non-repeatable levels by time:
       D: 424 daAuts
